 Dungeon Crawl Stone Soup version 0.22.1-1-ga44c0e56f4 (webtiles) character file.

1054 kerekes the Cleaver (level 8, -2/74 HPs)
             Began as a Minotaur Berserker on Nov 10, 2018.
             Was a High Priest of Trog.
             Slain by an ice beast (13 damage)
             ... on level 5 of the Dungeon.
             The game lasted 00:45:24 (5019 turns).

kerekes the Cleaver (Minotaur Berserker)            Turns: 5019, Time: 00:45:30

Health: -2/74      AC:  5    Str: 24    XL:     8   Next: 5%
Magic:  7/7        EV: 11    Int:  4    God:    Trog [*****.]
Gold:   180        SH:  0    Dex: 10    Spells: 7/7 levels left

rFire    . . .     SeeInvis .   o - +0 war axe
rCold    . . .     Gourm    .   (no shield)
rNeg     . . .     Faith    .   m - +0 ring mail
rPois    .         Spirit   .   (helmet restricted)
rElec    .         Reflect  .   (no cloak)
rCorr    .         Harm     .   (no gloves)
MR       ++...     Rnd*Tele +   (no boots)
Stlth    ..........             (no amulet)
HPRegen  1.22/turn              l - ring of teleportation (curse)
MPRegen  0.10/turn              (no ring)

@: berserk cooldown, regenerating
A: retaliatory headbutt, horns 2
a: Berserk, Trog's Hand, Brothers in Arms, Renounce Religion


You were on level 5 of the Dungeon.
You worshipped Trog.
Trog was extremely pleased with you.
You were not hungry.

You visited 1 branch of the dungeon, and saw 5 of its levels.
You also visited: Sewer.

You collected 180 gold pieces.

Inventory:

Hand Weapons
 a - a +0 hand axe
 i - a +0 hand axe
 o - a +0 war axe (weapon)
Missiles
 e - 139 stones (quivered)
Armour
 b - a +0 animal skin
 g - a +0 robe
 m - a +0 ring mail (worn)
Jewellery
 l - a cursed ring of teleportation (left hand)
Scrolls
 d - a scroll of blinking {unknown}
 f - a scroll of random uselessness {unknown}
 h - 3 scrolls of enchant weapon {unknown}
 k - a scroll of teleportation {unknown}
 n - a scroll of amnesia {unknown}
 p - a scroll of fog {unknown}
Potions
 j - 3 potions of flight
 q - 8 potions of curing
 r - 2 potions of might {unknown}
 s - 7 potions of heal wounds {unknown}
 t - a potion of agility {unknown}
 u - a potion of berserk rage {unknown}
Comestibles
 c - 2 rations


   Skills:
 + Level 7.9 Fighting
 + Level 9.4 Axes
 - Level 2.6 Armour
 - Level 2.3 Dodging


You had 7 spell levels left.
You didn't know any spells.
Your spell library contained the following spells:

 Spells                   Type           Power        Failure   Level  Hunger
 Magic Dart               Conj           #...         65%         1    ##.....
 Searing Ray              Conj           #.....       78%         2    ###....
 Dazzling Spray           Conj/Hex       #.....       95%         3    ####...
 Force Lance              Conj/Tloc      #.......     100%        4    #####..
 Fulminant Prism          Conj/Hex       #.........   100%        4    #####..
 Iskenderun's Mystic Bla  Conj           #.......     100%        4    #####..


Dungeon Overview and Level Annotations

Branches:
Dungeon (5/15)
 Temple: D:4-7

Altars:
Gozag
Hepliaklqana
Makhleb
Nemelex Xobeh
Qazlal
Sif Muna


Innate Abilities, Weirdness & Mutations

You reflexively headbutt those who attack you in melee.
You have a pair of horns on your head.


Message History

You hit the ice beast. The centaur barely misses you. The ice beast hits you.
The ice beast freezes you. The centaur misses you.
The ice beast hits you but does no damage.
The centaur barely misses you.
You slash the centaur!
You kill the centaur!
Trog accepts your kill.
You have reached level 8!
You feel stronger.
You closely miss the ice beast. The ice beast hits you.
The ice beast freezes you!
* * * LOW HITPOINT WARNING * * *
Your skin crawls.
You feel resistant to hostile enchantments.
You feel somewhat more hungry.
You feel yourself speed up. The ice beast hits you.
* * * LOW HITPOINT WARNING * * *
The ice beast freezes you!
You die...

.####.. ##.....?.
............?........
...........##........
...........#........>
...........#.........
.....................
...........##.(......
..........<@(....(...
.?.....<..Y)#)..(....
........).)†.........
(..?.......)#........
<.....###############
...... ....o. (....
...o.


You could see an ice beast.

Vanquished Creatures
  The ghost of rumpelstilzz the Grasshopper, an amateur CeWr (D:3)
  An ogre (D:5)
  A centaur (D:5)
  3 big kobolds (Sewer)
  A crimson imp (D:2)
  A bullfrog skeleton (D:5)
  A hound (D:4)
  An orc priest (D:4)
  A jelly (D:2)
  2 orc wizards (D:4)
  2 worker ants
  A hound skeleton (D:4)
  10 adders
  2 river rats (Sewer)
  2 oozes (D:3)
  2 worms
  2 dart slugs
  2 leopard geckos (D:3)
  16 orcs
  6 ball pythons
  2 giant cockroaches
  3 hobgoblins
  23 jackals
  18 kobolds
  2 quokkas
  6 bats
  6 frilled lizards
  7 goblins
  40 rats
  3 bushes (D:4)
  A plant (D:4)
169 creatures vanquished.

Notes
Turn   | Place    | Note
-------+----------+-------------------------------------------
     0 | D:1      | kerekes the Minotaur Berserker began the quest for the Orb.
     0 | D:1      | Reached XP level 1. HP: 19/19 MP: 0/0
   233 | D:1      | Reached XP level 2. HP: 27/27 MP: 1/1
   277 | D:1      | Reached skill level 4 in Axes
   350 | D:1      | Reached ** piety under Trog
   378 | D:1      | You fall through a shaft!
   389 | D:2      | Reached XP level 3. HP: 31/33 MP: 2/2
   604 | D:2      | Reached skill level 5 in Fighting
   604 | D:2      | Reached XP level 4. HP: 18/42 MP: 3/3
  1391 | D:2      | Found a burning altar of Makhleb.
  1399 | D:2      | Reached XP level 5. HP: 46/50 MP: 4/4
  1524 | D:2      | Found a deep blue altar of Sif Muna.
  2023 | D:1      | Reached skill level 5 in Axes
  2396 | D:1      | Reached *** piety under Trog
  2898 | D:3      | Found a runed door.
  2898 | D:3      | Noticed rumpelstilzz's ghost (amateur CeWr)
  3077 | D:3      | Killed rumpelstilzz's ghost
  3077 | D:3      | Reached skill level 6 in Axes
  3077 | D:3      | Reached XP level 6. HP: 42/58 MP: 5/5
  3259 | D:3      | Found a glowing drain.
  3263 | Sewer    | Entered a sewer
  3303 | Sewer    | Reached skill level 7 in Axes
  3305 | Sewer    | Reached **** piety under Trog
  3621 | Sewer    | Reached XP level 7. HP: 65/66 MP: 6/6
  3764 | Sewer    | Reached ***** piety under Trog
  3775 | Sewer    | Reached skill level 8 in Axes
  4689 | D:4      | Found a sparkling altar of Nemelex Xobeh.
  4691 | D:4      | Found a hazy altar of Hepliaklqana.
  4693 | D:4      | Found an opulent altar of Gozag.
  4829 | D:4      | Found a stormy altar of Qazlal.
  4966 | D:5      | Entered Level 5 of the Dungeon
  4981 | D:5      | Reached skill level 9 in Axes
  5018 | D:5      | Reached XP level 8. HP: 24/74 MP: 7/7
  5019 | D:5      | Slain by an ice beast

Skill      XL: |  1  2  3  4  5  6  7 |
---------------+----------------------+-----
Fighting       | 4 5 6 7 |  7.9
Axes           | 4 6 7 9 |  9.4
Armour         | |  2.6
Dodging        | |  2.3

Action                   |  1- 3 |  4- 6 |  7- 9 || total
-------------------------+-------+-------+-------++-------
Melee: Hand axe          |    55 |    80 |       ||   135
       Headbutt          |     7 |    30 |    41 ||    78
       War axe           |       |    93 |   145 ||   238
Invok: Berserk           |       |     2 |     1 ||     3
       Trog's Hand       |       |       |     1 ||     1
  Use: Scroll            |       |     1 |     3 ||     4
 Stab: Sleeping          |       |     1 |       ||     1
  Eat: Ration            |       |     3 |     2 ||     5
Armor: Animal skin       |     5 |    26 |     1 ||    32
       Ring mail         |       |       |    16 ||    16
Dodge: Dodged            |    44 |   105 |    48 ||   197
